 Dungeon Crawl Stone Soup version 0.19-a0-414-g76fec5b (webtiles) character file.

24 Skanax the Grave Robber (level 2, 0/19 HPs)
             Began as a Demonspawn Necromancer on May 31, 2016.
             Slain by an adder (3 damage)
             ... on level 2 of the Dungeon.
             The game lasted 00:06:20 (1005 turns).

Skanax the Grave Robber (Demonspawn Necromancer)    Turns: 1005, Time: 00:06:20

Health: 0/19       AC:  2    Str:  8    XL:     2   Next: 79%
Magic:  0/5        EV: 12    Int: 16    God:
Gold:   59         SH:  0    Dex: 13    Spells: 2 memorised, 3 levels left

rFire  . . .     SeeInvis .     (no weapon)
rCold  . . .     Gourm    .     a - +0 robe
rNeg   . . .     Faith    .     (no shield)
rPois  .         Spirit   .     (no helmet)
rElec  .         Dismiss  .     (no cloak)
rCorr  .         Reflect  .     (no gloves)
SustAt .         Harm     .     (no boots)
MR     .....                    g - amulet of inaccuracy
Stlth  ++........               (no ring)
                                (no ring)

@: not resistant to hostile enchantments, unstealthy
A: talons 1
a: no special abilities


You were on level 2 of the Dungeon.
You were not hungry.

You visited 1 branch of the dungeon, and saw 2 of its levels.

You collected 59 gold pieces.

Inventory:

Missiles
 d - 66 stones (quivered)
Armour
 a - a +0 robe (worn)
Jewellery
 g - an amulet of inaccuracy (around neck)
Potions
 e - a potion of flight {unknown}
Books
 b - a book of Necromancy

   Spells                             Type                      Level
   a - Pain                           Necromancy                   1
   b - Animate Skeleton               Necromancy                   1
   c - Vampiric Draining              Necromancy                   3
   d - Regeneration                   Charms/Necromancy            3
   e - Animate Dead                   Necromancy                   4
   f - Control Undead                 Necromancy                   4
Comestibles
 c - a bread ration
 h - a meat ration


   Skills:
 + Level 0.1 Throwing
 + Level 1.9 Dodging
 + Level 1.7 Stealth
 + Level 2.3 Spellcasting
 + Level 5.0 Necromancy


You had 3 spell levels left.
You knew the following spells:

 Your Spells              Type           Power        Failure   Level  Hunger
a - Pain                  Necr           ###.         2%          1    #......
b - Animate Skeleton      Necr           N/A          2%          1    #......


Dungeon Overview and Level Annotations

Branches:
Dungeon (2/15)

Altars:


Innate Abilities, Weirdness & Mutations

You have sharp toenails.


Message History

Casting: Pain
Confirm with . or Enter, or press ? or * to list all spells.
Aiming: Pain
Press: ? - help, Shift-Dir - straight line, f/p - adder
Aim: an adder (heavily wounded, chance to defeat MR: 82%)
The adder convulses in agony!
The adder bites you.
* * * LOW HITPOINT WARNING * * *
The adder barely misses you. The adder closely misses you.
The adder barely misses you. The adder closely misses you.
Casting: Pain
Confirm with . or Enter, or press ? or * to list all spells.
Aiming: Pain
Press: ? - help, Shift-Dir - straight line, f/p - adder
Aim: an adder (moderately wounded, chance to defeat MR: 82%)
The adder convulses in agony!
The adder bites you.
* * * LOW HITPOINT WARNING * * *
The adder bites you.
You die...

...##.###.##..#.###
...................
.#.##.#.###.###########
## # #..............)#
.. #####....######.# .#
#............##.##..#
#.##.....###.#......#
#.##....<###.#..###.#
........@.......#
####..#.S...##..#
#..#.....##..#
#..#.....##..#
#..#.....##...
#..#.w...###.#
##........# #.########
#...w....#


You could see a worm and an adder.

Vanquished Creatures
  A worm (D:2)
  A dart slug (D:1)
  A ball python (D:1)
  4 giant cockroaches
  3 goblins
  2 hobgoblins (D:1)
  3 bats (D:1)
  A giant newt (D:2)
  A kobold (D:1)
  A rat (D:1)
18 creatures vanquished.

Notes
Turn   | Place    | Note
--------------------------------------------------------------
     0 | D:1      | Skanax the Demonspawn Necromancer began the quest for the Orb.
     0 | D:1      | Reached XP level 1. HP: 13/13 MP: 3/3
     6 | D:1      | Learned a level 1 spell: Animate Skeleton
   310 | D:1      | Gained mutation: You have sharp toenails. [demonic ancestry]
   310 | D:1      | Reached XP level 2. HP: 11/19 MP: 1/5
   386 | D:1      | You fall through a shaft!
   977 | D:2      | Reached skill level 5 in Necromancy
  1005 | D:2      | Slain by an adder

Vault maps used:
D:1:      zaba_arrival_water
D:2:      minmay_rat_hole

Skill      XL: |  1  2 |
---------------+-------+-----
Necromancy     | 5 |  5.0
Throwing       | |  0.1
Dodging        | |  1.9
Stealth        | |  1.7
Spellcasting   | |  2.3

Action                   || total
-------------------------++-------
Melee: Unarmed           ||    13
       Kick              ||     1
Throw: Stone             ||     8
 Cast: Pain              ||    38
       Animate Skeleton  ||     3
  Use: Scroll            ||     5
       Potion            ||     1
  Eat: Chunk             ||     1
Armor: Robe              ||     1
Dodge: Dodged            ||    20
